Map: Golden Wall LE

Players

SortOf

  • Race: Zerg Zerg
  • League: Master
  • Spawn Location: 7:00

Lambo - Winner!

  • Race: Zerg Zerg
  • League: Grandmaster
  • Spawn Location: 5:00

Event: War Chest Team League

VOD

Have the link to the VOD?

Description

Time

  • Played on: July 31, 2020, 7:08 a.m.
  • Length: 10:21

All games in this series

Show
View Real Time Build Order
Export as new Build Order

SortOf Zerg 

Build Orders: Hatch First, Roach Nydus 

Get SALT Encoding   

  12  0:00  Drone  
  13  0:12  Overlord  
  13  0:17  Drone  
  14  0:31  Drone x2  
  16  0:48  Hatchery  
  15  0:51  Drone  
  15  0:54  Drone  
  17  0:59  Drone  
  18  1:10  Extractor  
  17  1:14  Spawning Pool  
  17  1:17  Drone  
  17  1:21  Drone  
  18  1:27  Drone  
  19  1:38  Drone  
  20  1:48  Drone  
  21  1:59  Overlord  
  21  2:00  Queen  
  23  2:01  Queen  
  23  2:02  Drone  
  26  2:11  Drone x2  
  28  2:22  Zergling x2  
  29  2:23  Drone  
  30  2:31  Overlord  
  30  2:34  Drone  
  31  2:37  Queen  
  31  2:38  Lair  
  31  2:42  Drone  
  34  2:47  Evolution Chamber  
  34  2:48  Drone  
  34  2:53  Drone  
  34  2:54  Drone  
  36  2:59  Roach Warren  
  36  3:04  Drone  
  36  3:07  Drone  
  36  3:09  Drone x3  
  40  3:13  Overlord  
  40  3:17  Drone  
  41  3:21  Zerg Missile Weapons Level 1  
  41  3:30  Drone x2  
  41  3:32  Extractor x2  
  41  3:36  Drone  
  41  3:37  Drone  
  41  3:38  Drone  
  41  3:39  Glial Reconstitution  
  44  3:44  Roach  
  44  3:47  Roach  
  48  3:51  Overlord  
  48  3:53  Drone x2  
  50  3:56  Drone  
  50  3:58  Drone  
  52  4:03  Overlord  
  52  4:14  Hatchery, Drone  
  56  4:17  Roach x2  
  56  4:22  Roach  
  58  4:27  Roach x2  
  58  4:29  Overlord  
  61  4:32  Roach  
  61  4:35  Overlord  
  63  4:39  Roach  
  63  4:41  Overlord  
  63  4:44  Roach  
  67  4:46  Overlord  
  67  4:49  Overlord  
  67  4:51  Overseer  
  67  4:56  Roach x2  
  71  5:01  Overlord  
  71  5:06  Roach x2  
  75  5:11  Nydus Network  
  74  5:14  Roach  
  76  5:23  Roach x3  
  76  5:24  Evolution Chamber  
  79  5:29  Roach x2  
  79  5:32  Roach  
  85  5:36  Roach x2  
  85  5:40  Overlord  
  85  5:42  Roach  
  91  5:46  Roach x2  
  95  5:54  Nydus Canal  
  95  5:55  Roach x2  
  97  5:57  Roach  
  97  6:03  Roach x2  
  103  6:08  Roach x2  
  103  6:12  Roach  
  103  6:16  Queen  
  103  6:21  Nydus Canal  
  103  6:22  Roach  
  103  6:25  Roach  
  103  6:28  Roach  
  103  6:31  Drone  
  100  6:39  Nydus Canal, Drone x2  
  92  6:41  Roach  
  84  6:48  Spore Crawler  
  84  6:49  Roach  
  84  6:50  Roach  
  75  6:56  Roach x2  
  75  7:00  Spore Crawler  
  74  7:02  Spore Crawler  
  74  7:04  Drone  
  74  7:06  Drone  
  75  7:11  Roach  
  75  7:13  Nydus Canal  
  71  7:17  Roach  
  71  7:20  Queen  
  67  7:26  Roach  
  67  7:33  Roach x2  
  67  7:35  Pneumatized Carapace  
  57  7:40  Roach x2  
  59  7:47  Spore Crawler  
  56  7:51  Spore Crawler  
  56  7:52  Roach x2  
  59  7:59  Overlord, Roach x2  
  59  8:05  Queen  
  63  8:07  Overseer  
  65  8:14  Overlord  
  65  8:18  Queen  
  67  8:22  Roach  
  67  8:24  Spore Crawler  
  67  8:26  Spore Crawler  
  67  8:29  Roach  
  67  8:31  Overlord  
  69  8:35  Nydus Canal  
  69  8:41  Burrow  
  69  8:42  Roach x2  
  69  8:46  Roach  
  71  8:49  Overseer  
  71  8:57  Queen  
  73  9:07  Roach Warren  
  72  9:10  Overlord  
  72  9:14  Overseer  
  72  9:22  Overlord  
  72  9:29  Nydus Canal  
  74  9:53  Spore Crawler  
  74  9:54  Spore Crawler  
  74  9:55  Spore Crawler x2  
  74  9:57  Roach  
Show
View Real Time Build Order
Export as new Build Order

Lambo Zerg - Winner!

Build Orders: Hatch First 

Get SALT Encoding   

  12  0:00  Drone  
  13  0:12  Overlord  
  13  0:17  Drone  
  14  0:31  Drone x2  
  16  0:48  Hatchery  
  15  0:52  Drone  
  15  0:55  Drone  
  17  0:58  Drone  
  18  1:08  Extractor  
  17  1:13  Spawning Pool  
  17  1:17  Drone  
  17  1:20  Drone  
  18  1:27  Drone  
  19  1:38  Drone  
  20  1:48  Drone  
  21  2:00  Queen  
  21  2:01  Zergling x2, Queen, Overlord  
  26  2:11  Drone x2  
  28  2:21  Drone  
  30  2:22  Drone  
  30  2:32  Drone  
  30  2:33  Drone  
  30  2:36  Extractor, Queen  
  33  2:39  Lair  
  33  2:44  Evolution Chamber  
  33  2:46  Drone  
  33  2:47  Overlord  
  33  2:54  Drone  
  33  2:57  Drone  
  33  2:58  Metabolic Boost  
  35  3:06  Roach Warren  
  35  3:07  Drone  
  35  3:10  Drone  
  36  3:13  Drone  
  36  3:19  Zerg Melee Weapons Level 1  
  37  3:21  Drone  
  37  3:24  Drone  
  37  3:25  Drone  
  40  3:28  Drone  
  40  3:31  Drone  
  42  3:35  Overlord  
  42  3:38  Drone  
  42  3:40  Drone  
  44  3:52  Drone, Spire  
  44  3:53  Drone  
  44  3:54  Drone  
  45  3:58  Drone  
  45  3:59  Extractor  
  45  4:00  Extractor  
  44  4:04  Drone x3  
  47  4:10  Overlord  
  47  4:15  Drone x2  
  47  4:16  Drone x2  
  52  4:17  Drone  
  52  4:22  Overlord  
  52  4:30  Zergling x6  
  55  4:32  Zergling x2  
  56  4:43  Overlord  
  56  4:44  Zergling x6  
  59  4:47  Zergling x4  
  61  4:54  Zergling x4  
  61  4:57  Hatchery  
  62  5:00  Zergling x2  
  63  5:07  Mutalisk  
  63  5:08  Mutalisk  
  63  5:11  Overlord  
  63  5:12  Mutalisk x2  
  71  5:16  Mutalisk  
  73  5:22  Mutalisk  
  73  5:26  Mutalisk  
  74  5:28  Zerg Flyer Weapons Level 1  
  74  5:34  Mutalisk  
  76  5:37  Drone  
  76  5:41  Extractor  
  75  5:45  Zergling x12, Extractor  
  75  5:46  Evolution Chamber  
  79  5:52  Mutalisk  
  81  6:01  Mutalisk  
  81  6:03  Zergling x4  
  83  6:08  Mutalisk x2  
  86  6:15  Zergling x8  
  88  6:20  Mutalisk  
  88  6:25  Zergling x4  
  84  6:26  Zergling x2  
  84  6:31  Zergling x4, Queen x2  
  85  6:36  Zergling x4  
  80  6:42  Zergling x4  
  78  6:50  Zergling x6  
  78  6:53  Zergling x2  
  73  7:03  Zergling x8  
  77  7:18  Mutalisk x2  
  77  7:20  Zergling x2  
  80  7:29  Mutalisk  
  75  7:31  Zergling x2  
  74  7:37  Drone  
  74  7:39  Mutalisk  
  75  7:48  Mutalisk  
  75  7:50  Drone x2  
  78  8:04  Drone x6  
  84  8:07  Extractor  
  83  8:14  Mutalisk  
  83  8:18  Mutalisk  
  83  8:19  Zergling x2  
  89  8:20  Zergling x2  
  89  8:24  Overlord  
  89  8:27  Drone  
  90  8:46  Zergling x20  
  98  8:59  Overlord  
  98  9:02  Overlord  
  97  9:16  Queen  
  97  9:20  Mutalisk  
  97  9:22  Drone x2  
  103  9:26  Hatchery  
  103  9:31  Mutalisk x2  
  102  9:34  Drone  
  107  9:48  Overlord  
Tags
 
Add a new tag
Caveats
  • Supply blocks, unpowered buildings, or Contaminate may cause inaccurate times.
  • Supply counts are checked every 10 seconds.